 Dungeon Crawl Stone Soup version 0.27-a0-1158-gaa87e14f67 (webtiles) character file.

Game seed: 12225977122980297925

64 experimilk the Firebug (level 4, -4/24 HPs)
             Began as a Gargoyle Fire Elementalist on May 15, 2021.
             Slain by Natasha (6 damage)
             ... on level 2 of the Dungeon.
             The game lasted 00:05:05 (4922 turns).

experimilk the Firebug (Gargoyle Fire Elementalist) Turns: 4922, Time: 00:05:06

Health: -4/24      AC:  5    Str: 12    XL:     4   Next: 12%
Magic:  4/7        EV: 11    Int: 16    God:
Gold:   42         SH:  0    Dex: 10    Spells: 3/8 levels left

rFire    . . .     SeeInvis .   i - +0 trident
rCold    . . .     Faith    .   (no shield)
rNeg     + . .     Spirit   .   a - +0 robe
rPois    ∞         Reflect  .   (no helmet)
rElec    +         Harm     .   (no cloak)
rCorr    .         Rampage  .   (no gloves)
Will     .....                  (no boots)
Stlth    ++........             (no amulet)
HPRegen  0.08/turn              (no ring)
MPRegen  0.10/turn              (no ring)

@: no status effects
A: sickness immunity, AC +3, negative energy resistance 1, electricity
resistance, torment resistance 1, petrification resistance
a: no special abilities


You were on level 2 of the Dungeon.
You visited 1 branch of the dungeon, and saw 2 of its levels.

You collected 42 gold pieces.

Inventory:

Hand Weapons
 c - a +0 dagger
 g - a +0 spear
 i - a +0 trident (weapon)
Armour
 a - a +0 robe (worn)
 d - a +0 leather armour
Scrolls
 h - a scroll of fear {unknown}
 j - a scroll of blinking {unknown}
Potions
 b - a potion of brilliance {unknown}
 e - a potion of haste {unknown}
 f - 3 potions of heal wounds {unknown}


   Skills:
 - Level 1.5 Dodging
 - Level 2.1 Stealth
 + Level 2.6 Spellcasting
 + Level 2.2 Conjurations
 * Level 4.0 Fire Magic


You had 3 spell levels left.
You knew the following spells:

 Your Spells              Type           Power      Damage    Failure   Level
a - Foxfire               Conj/Fire      48%        2x1d6     5%          1
b - Sticky Flame          Conj/Fire      12%        2d4       47%         4

Your spell library contained the following spells:

 Spells                   Type           Power      Damage    Failure   Level
 Conjure Flame            Conj/Fire      12%        6-21      16%         3
 Inner Flame              Hex/Fire       8%         N/A       26%         3
 Fireball                 Conj/Fire      6%         3d5       83%         5


Dungeon Overview and Level Annotations

Branches:
Dungeon (2/15)

Altars:

Shops:
D:1 !   D:2 ?

Annotations:
D:2 Natasha


Innate Abilities, Weirdness & Mutations

You are immune to sickness and miasma.
Your stone body is resilient. (AC +3)
You are immune to poison.
You resist negative energy. (rN+)
You are resistant to electric shocks. (rElec)
You are resistant to unholy torment.
You are immune to petrification.


Message History

Natasha is heavily wounded.
Unknown command.
Unknown command.
Casting: Foxfire (safe; 5% risk of failure)
Confirm with . or Enter, or press ? or * to list all spells.
The spell is potentially lethal to cast (47% risk of failure)!
Continue anyway?
Okay, then.
You barely miss Natasha.
Natasha is heavily wounded.
The foxfire hits Natasha.
Natasha is heavily wounded.
Natasha casts a spell at you. The magic dart hits you.
You hit Natasha.
Natasha is almost dead.
Natasha mumbles some strange words.
Natasha glows brightly for a moment.
Natasha completely misses you.
You closely miss Natasha.
Natasha is almost dead.
Natasha claws you.
You closely miss Natasha.
Natasha is almost dead.
Natasha stares at you and mumbles some strange words.
The magic dart hits you!
* * * LOW HITPOINT WARNING * * *
Natasha casts a spell.
You closely miss Natasha.
Natasha is almost dead.
Natasha casts a spell at you. You resist with some effort.
The crimson imp blinks!
You barely miss Natasha.
Natasha is almost dead.
Natasha claws you.
* * * LOW HITPOINT WARNING * * *
The crimson imp blinks!
Casting: Sticky Flame (potentially lethal; 47% risk of failure)
Confirm with . or Enter, or press ? or * to list all spells.
You conjure some foxfire!
Natasha claws you.
You die...

############### #
#..............# ..
#.###..#######.. ...
#..###.##### ### 5...
##.###.....##### .....
#..##.∩.#......
......####.........#####
......h@v...##.#...#
......v####........#
.....#.............#
..§. ########......# ###
##.....# #.....#
##########.....#
.#..............####
.......<............


You could see Natasha (ally target) and a crimson imp (summoned).

Vanquished Creatures
  2 adders (D:2)
  A worm (D:2)
  A dart slug (D:1)
  An orc (D:2)
  An endoplasm (D:2)
  2 goblins (D:1)
  3 hobgoblins
  8 jackals
  A kobold (D:2)
  2 quokkas (D:1)
  3 ball pythons
  4 bats
  4 frilled lizards
  5 rats
38 creatures vanquished.

Vanquished Creatures (others)
  141 foxfires
141 creatures vanquished.

Grand Total: 179 creatures vanquished

Notes
Turn   | Place    | Note
-------+----------+-------------------------------------------
     0 | D:1      | experimilk the Gargoyle Fire Elementalist began the quest
                  | for the Orb.
     0 | D:1      | Reached XP level 1. HP: 10/10 MP: 3/3
   565 | D:1      | Reached XP level 2. HP: 15/15 MP: 0/5
  2649 | D:1      | Found Qossi's Distillery.
  3133 | D:2      | Reached XP level 3. HP: 19/19 MP: 3/6
  4789 | D:2      | Reached skill level 4 in Fire Magic
  4789 | D:2      | Reached XP level 4. HP: 24/24 MP: 3/7
  4797 | D:2      | Learned a level 4 spell: Sticky Flame
  4883 | D:2      | Found Casiv Fame's Magic Scroll Shoppe.
  4911 | D:2      | Noticed Natasha
  4922 | D:2      | Slain by Natasha

Illustrated notes

Levels and vault maps discovered:
D:1:      eino_arrival_druids_welcome, layout_basic, serial_shops, shop
D:2:      minmay_alternating_diamond, layout_rooms, serial_shops,
          nicolae_shop_stone, minmay_vboxes, uniq_natasha

Skill      XL: |  1  2  3 |
---------------+----------+-----
Conjurations   | 2 |  2.2
Fire Magic     | 4 |  4.0
Dodging        | |  1.5
Stealth        | |  2.1
Spellcasting   | |  2.6

Action                   |  1- 3 |  4- 6 || total
-------------------------+-------+-------++-------
Melee: Trident           |     7 |     6 ||    13
       Spear             |     1 |       ||     1
 Cast: Foxfire           |    81 |     4 ||    85
Armor: Robe              |     6 |       ||     6
Dodge: Dodged            |    21 |     1 ||    22

Table legend: (Time is in decaauts)
 A = Elapsed time spent in this place.
 B = Non-inter-level travel time spent in this place.
 C = Inter-level travel time spent in this place.
 D = Time resting spent in this place.
 E = Time spent auto-exploring this place.
 F = Levels seen in this place.
 G = Mean time per level.
                   A        B        C        D        E       F      G
               +--------+--------+--------+--------+--------+-----+--------+
         Total |   4924 |   4904 |     20 |   3966 |    550 |   2 | 2462.0 |
       Dungeon |   4924 |   4904 |     20 |   3966 |    550 |   2 | 2462.0 |
               +--------+--------+--------+--------+--------+-----+--------+

Top non-repeatable levels by time:
     D:1: 3119 daAuts
     D:2: 1805 daAuts
